[Event "Landsturneringen 2023"]
[Site "Vallhall, Oslo"]
[Date "2023.07.01"]
[Round "1"]
[White "Unneland, Mathias"]
[Black "Grave, Jacob Templen"]
[Result "0-1"]
[WhiteTitle "FM"]
[BlackTitle "CM"]
[WhiteElo "2158"]
[BlackElo "2255"]
[TimeControl "40/5400+30:1800+30"]
[BlackFideId "1542656"]
[WhiteFideId "1525581"]

1. d4 Nf6 2. Nf3 d5 3. c4 e6 4. Nc3 c6 5. e3 Nbd7 6. Qc2 Bd6 7. Bd3 O-O 8.
O-O dxc4 9. Bxc4 b5 10. Bd3 Bb7 11. e4 e5 12. h3 exd4 13. Nxd4 Nc5 14. Rd1
Nxd3 15. Rxd3 Qc7 16. Bg5 Be5 17. f4 Bxf4 18. Bxf6 gxf6 19. Rf1 b4 20. Nce2
Be5 21. Nf5 Kh8 22. Nh6 c5 23. Rdf3 Qc6 24. Ng3 Rae8 25. Ng4 Bd4+ 26. Kh1
Re6 27. Qd2 Qc7 28. Qh6 Rg8 29. Qh4 Rg6 30. Rf5 Bxe4 31. Rh5 Rg7 32. Nf5
Bxf5 33. Rhxf5 Qc6 34. Qh5 Re2 35. Rd5 Qc7 36. Rc1 Qe7 37. Kh2 Qc7+ 38. Kh1
Qe7 39. Kh2 Rxb2 40. Qh6 Rxg2+ 41. Kxg2 Qe2+ 42. Kh1 Qf3+ 43. Kh2 Qxd5 44.
Re1 Qxa2+ 0-1

[Event "Landsturneringen 2023"]
[Site "Vallhall, Oslo"]
[Date "2023.07.01"]
[Round "1"]
[White "Aulin-Jansson, Jøran"]
[Black "Tryggestad, Andreas G"]
[Result "0-1"]
[WhiteTitle "FM"]
[BlackTitle "FM"]
[WhiteElo "2140"]
[BlackElo "2200"]
[TimeControl "40/5400+30:1800+30"]
[BlackFideId "1513338"]
[WhiteFideId "1500279"]

1. d4 Nf6 2. Nf3 g6 3. Bf4 Bg7 4. e3 O-O 5. Bd3 d6 6. O-O Nc6 7. c3 Re8 8.
Bc2 Nh5 9. Bg5 h6 10. Bh4 g5 11. Ne1 Nf6 12. Bg3 e5 13. Nd2 e4 14. c4 Bg4
15. Qb1 Be2 16. Nxe4 Bxf1 17. Kxf1 Nxe4 18. Bxe4 Qf6 19. Kg1 Rab8 20. Bf3
Ne7 21. Bg4 Qg6 22. Qxg6 Nxg6 23. b4 Ne7 24. Nc2 f5 25. Bh5 Rf8 26. f4 Kh7
27. Bf2 g4 28. h3 gxh3 29. gxh3 Ng8 30. Bf3 Nf6 31. Rd1 Rfe8 32. Be1 Ne4
33. Kf1 Bf6 34. a4 Re7 35. Na3 a6 36. Nb1 Rg8 37. Rd3 c6 38. Rb3 Ng3+ 39.
Bxg3 Rxg3 40. e4 Bxd4 41. Nd2 Kg7 42. Bg2 Rxb3 43. Nxb3 Bc3 0-1

[Event "Landsturneringen 2023"]
[Site "Vallhall, Oslo"]
[Date "2023.07.01"]
[Round "1"]
[White "Hølleland, Sigve"]
[Black "Lindbøl, Aleksander"]
[Result "1-0"]
[WhiteElo "2154"]
[BlackElo "2234"]
[TimeControl "40/5400+30:1800+30"]
[BlackFideId "1520644"]
[WhiteFideId "1513672"]

1. e4 c5 2. Nf3 Nc6 3. c3 Nf6 4. e5 Nd5 5. Bc4 Nb6 6. Bb3 c4 7. Bc2 d6 8.
exd6 Qxd6 9. O-O Bg4 10. d4 cxd3 11. Qxd3 Qxd3 12. Bxd3 e6 13. Nbd2 Be7 14.
Bb5 Nd7 15. h3 Bh5 16. Re1 a6 17. Ba4 Bg6 18. Bxc6 bxc6 19. Nc4 c5 20. Bf4
O-O 21. Rad1 Ra7 22. Rd2 Nf6 23. Nfe5 Be4 24. Na5 Rc8 25. c4 h6 26. f3 Ba8
27. Red1 g5 28. Be3 Rac7 29. Kf2 Nh5 30. g3 Kg7 31. Nd7 Nf6 32. Ne5 Nh5 33.
Nb3 Nf6 34. g4 Ne8 35. Nd7 f6 36. Nb6 Rb8 37. Na4 Rbc8 38. Nb6 Rb8 39. Na4
Rbc8 40. Rd7 Bc6 41. Rxc7 Nxc7 42. Naxc5 Kf7 43. Na5 Ba8 44. Nd7 Rd8 45.
Bb6 Ke8 46. Bxc7 Rxd7 47. Rxd7 Bc5+ 48. Ke2 Kxd7 49. Bg3 Bd4 50. b4 Bc3 51.
a3 Bb2 52. Nb3 Bxa3 53. Nc5+ Kc6 54. Nxa6 Bb7 55. b5+ Kb6 56. Bf2+ Ka5 57.
Nc7 Bc8 58. c5 Bb2 59. Be1+ Ka4 60. Bg3 Bd4 61. Bd6 Kb4 62. Kd3 e5 63. c6+
Kb3 64. Nd5 Be6 65. c7 1-0

[Event "Landsturneringen 2023"]
[Site "Vallhall, Oslo"]
[Date "2023.07.01"]
[Round "1"]
[White "Brattgjerd, Isak Vinh"]
[Black "Nettleton, Charlie"]
[Result "1/2-1/2"]
[WhiteElo "2185"]
[BlackElo "2090"]
[TimeControl "40/5400+30:1800+30"]
[BlackFideId "419710"]
[WhiteFideId "1549880"]

1. d4 e6 2. Nf3 d5 3. Bf4 Nf6 4. e3 c5 5. Nbd2 Nc6 6. c3 cxd4 7. exd4 Nh5
8. Be5 f6 9. Bg3 g6 10. Bd3 Bg7 11. O-O O-O 12. Re1 Nxg3 13. hxg3 e5 14. c4
Nb4 15. Bb1 e4 16. a3 exf3 17. axb4 fxg2 18. cxd5 f5 19. Nf3 f4 20. Kxg2
Bg4 21. Be4 Qd6 22. Ra3 Rae8 23. Qd2 1/2-1/2

[Event "Landsturneringen 2023"]
[Site "Vallhall, Oslo"]
[Date "2023.07.01"]
[Round "1"]
[White "Blauhut, Holger"]
[Black "Myagmarsuren, Evsuld"]
[Result "1-0"]
[WhiteTitle "CM"]
[WhiteElo "2054"]
[BlackElo "2184"]
[TimeControl "40/5400+30:1800+30"]
[BlackFideId "1551639"]
[WhiteFideId "24665177"]

1. e4 c5 2. Nf3 d6 3. Bb5+ Nd7 4. d4 cxd4 5. Qxd4 Nf6 6. O-O a6 7. Be2 e5
8. Qe3 Nc5 9. Nfd2 Be7 10. c4 O-O 11. Nc3 Ne6 12. Nb3 Bd7 13. Qd3 Rb8 14.
Nd5 Nxd5 15. exd5 Nc7 16. f4 Bf6 17. Bf3 Qe7 18. Be3 b6 19. Rae1 Rfe8 20.
fxe5 Bxe5 21. Bf4 f6 22. Bxe5 fxe5 23. Be4 g5 24. Bf5 Bxf5 25. Rxf5 Rf8 26.
Ref1 Rxf5 27. Rxf5 h6 28. Nd2 Rf8 29. Qf3 b5 30. cxb5 axb5 31. Ne4 Rxf5 32.
Qxf5 Kg7 33. Qf1 Nxd5 34. Qxb5 Qa7+ 35. Kh1 Qc7 36. h3 Ne3 37. Ng3 d5 38.
Qe8 Kh7 39. Nh5 Qc1+ 40. Kh2 Nf1+ 41. Kg1 Ng3+ 42. Kh2 Nxh5 43. Qxh5 Qf4+
44. Kg1 Qf8 45. h4 gxh4 46. Qxe5 Qf7 47. Qd4 h3 48. Qd3+ Kg7 49. Qd4+ Kg8
50. gxh3 h5 51. h4 Qf3 52. a4 Qg3+ 53. Kf1 Qh3+ 54. Ke1 Qd7 55. a5 Kf7 56.
Qe5 Qb5 57. Qxh5+ Ke6 58. Qe2+ 1-0

[Event "Landsturneringen 2023"]
[Site "Vallhall, Oslo"]
[Date "2023.07.01"]
[Round "1"]
[White "Hole, Øystein"]
[Black "Røyset, Pål Nikolai"]
[Result "1-0"]
[WhiteTitle "IM"]
[BlackTitle "CM"]
[WhiteElo "2267"]
[BlackElo "2165"]
[TimeControl "40/5400+30:1800+30"]
[BlackFideId "1501330"]
[WhiteFideId "1501526"]

1. Nf3 Nf6 2. c4 e6 3. Nc3 d5 4. d4 Be7 5. Bg5 O-O 6. e3 Nbd7 7. Qc2 c6 8.
Rd1 b6 9. Bd3 Bb7 10. cxd5 cxd5 11. O-O Rc8 12. Qb1 h6 13. Bh4 a6 14. a4
Nh5 15. Bxe7 Qxe7 16. Rc1 Qb4 17. Bc2 Nhf6 18. Na2 Qd6 19. b4 Ne4 20. Bd3
Ndf6 21. h3 Qd7 22. Qb3 Rxc1 23. Rxc1 Rc8 24. Ne5 Qe8 25. f3 Rxc1+ 26. Nxc1
Qc8 27. Ne2 Nd6 28. Qc3 Qxc3 29. Nxc3 Kf8 30. Kf2 Ke7 31. g4 Nd7 32. Nxd7
Kxd7 33. e4 dxe4 34. fxe4 f6 35. Ke3 Nf7 36. h4 Kd6 37. Bc4 Bc8 38. Ne2 g5
39. h5 Nd8 40. Nc3 Bb7 41. Be2 e5 42. d5 Nf7 43. Nd1 Kc7 44. Nb2 Nd6 45. a5
Bc8 46. Kf3 bxa5 47. bxa5 Nb5 48. Bxb5 axb5 49. Nd3 Kd6 50. Kg3 Kc7 51. Nb4
Bd7 52. Kf3 Bc8 53. a6 Kd6 54. a7 Bb7 55. Na6 Ba8 56. Ke3 Kd7 57. Kd3 Kd6
58. Kc3 Bb7 59. Kb4 f5 60. Nc5 Ba8 61. gxf5 g4 62. Nd3 g3 63. Ne1 1-0

[Event "Landsturneringen 2023"]
[Site "Vallhall, Oslo"]
[Date "2023.07.01"]
[Round "1"]
[White "Dahl, Max"]
[Black "Moen, Andreas G.R."]
[Result "1/2-1/2"]
[BlackTitle "IM"]
[WhiteElo "2169"]
[BlackElo "2287"]
[TimeControl "40/5400+30:1800+30"]
[BlackFideId "1501453"]
[WhiteFideId "1526626"]

1. d4 d5 2. c4 dxc4 3. Nf3 Nf6 4. e3 e6 5. Bxc4 c5 6. O-O a6 7. b3 Nc6 8.
Bb2 Be7 9. Nbd2 O-O 10. Rc1 b5 11. Be2 cxd4 12. Nxd4 Nxd4 13. Bxd4 Bb7 14.
Bf3 Bxf3 15. Nxf3 Ba3 16. Rc2 Ne4 17. Nd2 Nxd2 18. Rxd2 Qe7 19. Qa1 Rfd8
20. Rfd1 Rac8 21. Bb2 Rxd2 22. Rxd2 f6 23. g3 e5 24. Qb1 Bxb2 25. Qxb2 Qc5
26. h4 Qc1+ 27. Qxc1 Rxc1+ 28. Kg2 Ra1 29. Kf3 Kf7 30. Rc2 a5 31. Rc5 Rxa2
32. Rxb5 a4 1/2-1/2

[Event "Landsturneringen 2023"]
[Site "Vallhall, Oslo"]
[Date "2023.07.01"]
[Round "1"]
[White "Johnson, Daniel"]
[Black "Kolås, Tore"]
[Result "1/2-1/2"]
[WhiteElo "2224"]
[BlackElo "2141"]
[TimeControl "40/5400+30:1800+30"]
[BlackFideId "1502050"]
[WhiteFideId "1721283"]

1. d4 d5 2. c4 e6 3. Nc3 Bb4 4. Nf3 dxc4 5. Qa4+ Nc6 6. a3 Bxc3+ 7. bxc3
Qd5 8. Nd2 b5 9. Qc2 Rb8 10. e4 Qd7 11. Rb1 Nge7 12. a4 a6 13. Ba3 O-O 14.
Be2 Re8 15. O-O Bb7 16. Bc5 e5 17. d5 Nxd5 18. exd5 Qxd5 19. Ne4 f5 20.
Rfd1 Qxe4 21. Qxe4 fxe4 22. axb5 axb5 23. Rxb5 Kf7 24. Bxc4+ Kf6 25. Bd5
Red8 26. Rbb1 Ne7 27. Bc4 Bc6 28. h3 Nf5 29. Ra1 Rxd1+ 30. Rxd1 e3 31. Ra1
exf2+ 32. Bxf2 Be4 1/2-1/2

[Event "Landsturneringen 2023"]
[Site "Vallhall, Oslo"]
[Date "2023.07.01"]
[Round "1"]
[White "Skotheim, Andreas"]
[Black "Gomez Aguirre, Juan Alberto"]
[Result "1-0"]
[WhiteTitle "CM"]
[BlackTitle "CM"]
[WhiteElo "2241"]
[BlackElo "2157"]
[TimeControl "40/5400+30:1800+30"]
[BlackFideId "54587867"]
[WhiteFideId "1518526"]

1. e4 e5 2. Nf3 Nc6 3. Bb5 a6 4. Bxc6 dxc6 5. O-O Qf6 6. d4 exd4 7. Bg5 Qd6
8. Nxd4 Be7 9. Be3 Nf6 10. f3 c5 11. Ne2 O-O 12. Qxd6 Bxd6 13. Bf4 Bxf4 14.
Nxf4 Rd8 15. Nc3 Be6 16. Rfd1 b6 17. Kf2 g5 18. Nxe6 fxe6 19. g3 Nd7 20. f4
gxf4 21. gxf4 Kf7 22. Ke3 b5 23. b3 Nb6 24. Ne2 a5 25. Ng1 c4 26. Nf3 cxb3
27. cxb3 Rxd1 28. Rxd1 a4 29. Ne5+ Ke7 30. Rc1 axb3 31. axb3 Kd8 32. Rc5
Ra2 33. Nf3 b4 34. Rb5 Nd7 35. Rxb4 c5 36. Rc4 Kc7 37. Rc1 Kc6 38. b4 Ra3+
39. Kf2 Ra2+ 40. Kg3 Kb6 41. Ne5 Nf6 42. bxc5+ Kc7 43. Re1 Ra3+ 44. Kf2
Ra2+ 45. Ke3 Rxh2 46. Ra1 Rh3+ 47. Kd4 Rb3 48. Ra7+ Rb7 49. Ra4 Rb1 50. Nd3
Rd1 51. Ra7+ Kc8 52. Re7 Nd7 53. Ke3 h5 54. c6 Nb8 55. Rxe6 h4 56. Rh6 h3
57. Nb4 Rc1 58. Kd4 h2 59. Rxh2 Nxc6+ 60. Nxc6 Rxc6 61. Kd5 Ra6 62. Rh8+
Kd7 63. Rh7+ Ke8 64. f5 Ra5+ 65. Ke6 Ra6+ 66. Ke5 Ra5+ 67. Kf4 Ra1 68. e5
Rf1+ 69. Kg5 1-0

[Event "Landsturneringen 2023"]
[Site "Vallhall, Oslo"]
[Date "2023.07.02"]
[Round "2"]
[White "Grave, Jacob Templen"]
[Black "Hølleland, Sigve"]
[Result "1-0"]
[WhiteTitle "CM"]
[WhiteElo "2255"]
[BlackElo "2154"]
[TimeControl "40/5400+30:1800+30"]
[BlackFideId "1513672"]
[WhiteFideId "1542656"]

1. d4 Nf6 2. c4 e6 3. g3 d5 4. Bg2 c5 5. cxd5 Nxd5 6. Nf3 Nc6 7. O-O Qb6 8.
e4 Nf6 9. d5 Nd4 10. Re1 Bd7 11. Nbd2 Nxf3+ 12. Bxf3 O-O-O 13. Nc4 Qa6 14.
b3 exd5 15. exd5 Be6 16. Bg5 Be7 17. Qc1 Rxd5 18. Bxd5 Nxd5 19. Bxe7 Nxe7
20. Qe3 Nf5 21. Qxc5+ Kb8 22. Rac1 Rc8 23. Qe5+ Ka8 24. Ne3 Rxc1 25. Rxc1
Ne7 26. Qxg7 Nc6 27. Rd1 b6 28. Qxh7 Qxa2 29. Qe4 Kb7 30. Rc1 Bd7 31. Qd5
Be8 32. Nc4 Kc7 33. Ne5 1-0

[Event "Landsturneringen 2023"]
[Site "Vallhall, Oslo"]
[Date "2023.07.02"]
[Round "2"]
[White "Roulet-Dubonnet, Emerik Våpenstad"]
[Black "Skotheim, Andreas"]
[Result "1/2-1/2"]
[WhiteTitle "FM"]
[BlackTitle "CM"]
[WhiteElo "2197"]
[BlackElo "2241"]
[TimeControl "40/5400+30:1800+30"]
[BlackFideId "1518526"]
[WhiteFideId "1539477"]

1. c4 Nf6 2. d4 e6 3. Nf3 Bb4+ 4. Bd2 Bxd2+ 5. Qxd2 O-O 6. Nc3 d5 7. e3 Qe7
8. Rc1 Nbd7 9. Bd3 dxc4 10. Bxc4 c5 11. O-O Nb6 12. Bb3 Rd8 13. Rfd1 cxd4
14. Nxd4 Bd7 15. Qe2 e5 16. Nc2 g6 17. e4 Bc6 18. f3 Rxd1+ 19. Rxd1 Rd8 20.
g3 Kg7 21. Kg2 h5 22. h4 Rd6 23. Ne3 1/2-1/2

[Event "Landsturneringen 2023"]
[Site "Vallhall, Oslo"]
[Date "2023.07.02"]
[Round "2"]
[White "Tryggestad, Andreas G"]
[Black "Blauhut, Holger"]
[Result "1-0"]
[WhiteTitle "FM"]
[BlackTitle "CM"]
[WhiteElo "2200"]
[BlackElo "2054"]
[TimeControl "40/5400+30:1800+30"]
[BlackFideId "24665177"]
[WhiteFideId "1513338"]

1. d4 d5 2. c4 e6 3. Nc3 Be7 4. Nf3 Nf6 5. cxd5 exd5 6. Bg5 h6 7. Bf4 c6 8.
e3 Bf5 9. Bd3 Bxd3 10. Qxd3 O-O 11. O-O Nbd7 12. h3 Re8 13. a3 Nb6 14. b4
a6 15. Nd2 Bd6 16. Bxd6 Qxd6 17. a4 Rec8 18. Rfb1 g6 19. Nb3 Nbd7 20. Nc5
b5 21. a5 Re8 22. Re1 Ne4 23. N5xe4 dxe4 24. Nxe4 Qxb4 25. Rec1 Rad8 26.
Qc2 Qe7 27. Nd2 Rc8 28. Nb3 Rc7 29. Nc5 Nxc5 30. Qxc5 Qxc5 31. Rxc5 Rec8
32. Rac1 Kf8 33. Kf1 Ke7 34. Ke2 Kd7 35. Kd3 Re8 36. Kc3 h5 37. Kb4 Kd6 38.
R1c3 f6 39. Rd3 Rec8 40. e4 Ke6 41. Rg3 Kf7 42. Rgc3 Ke6 43. f4 Ke7 44. h4
Kd7 45. f5 Re8 46. fxg6 Rxe4 47. Rxh5 Rxd4+ 48. Kc5 Rd5+ 49. Rxd5+ cxd5+
50. Kd4 Rxc3 51. Kxc3 Ke7 52. h5 Kf8 53. h6 Kg8 54. g4 Kf8 55. Kd4 b4 56.
Kxd5 b3 57. Ke6 b2 58. h7 1-0

[Event "Landsturneringen 2023"]
[Site "Vallhall, Oslo"]
[Date "2023.07.02"]
[Round "2"]
[White "Myagmarsuren, Evsuld"]
[Black "Aulin-Jansson, Jøran"]
[Result "1-0"]
[BlackTitle "FM"]
[WhiteElo "2184"]
[BlackElo "2140"]
[TimeControl "40/5400+30:1800+30"]
[BlackFideId "1500279"]
[WhiteFideId "1551639"]

1. e4 e6 2. d4 d5 3. Nc3 Bb4 4. e5 c5 5. a3 Bxc3+ 6. bxc3 Qc7 7. Bd3 b6 8.
Qg4 f5 9. Qd1 cxd4 10. cxd4 Qc3+ 11. Bd2 Qxd4 12. Nf3 Qa4 13. Ng5 Qd7 14.
g4 Nh6 15. gxf5 Nxf5 16. Bxf5 exf5 17. Bb4 Nc6 18. Bd6 Nd8 19. Rg1 Nf7 20.
Qxd5 Bb7 21. Qc4 Nxg5 22. Rxg5 Rc8 23. Qb3 Be4 24. c3 Qf7 25. e6 Qf6 26.
Rg3 Rc6 27. O-O-O f4 28. Rgd3 Bxd3 29. Rxd3 a6 30. Qd5 Rxc3+ 31. Kb1 Rxd3
32. Qc6+ Kd8 33. Qd7# 1-0

[Event "Landsturneringen 2023"]
[Site "Vallhall, Oslo"]
[Date "2023.07.02"]
[Round "2"]
[White "Moen, Andreas G.R."]
[Black "Martinsen, Stig K"]
[Result "0-1"]
[WhiteTitle "IM"]
[WhiteElo "2287"]
[BlackElo "2172"]
[TimeControl "40/5400+30:1800+30"]
[BlackFideId "1502824"]
[WhiteFideId "1501453"]

1. e4 g6 2. d4 Bg7 3. Nc3 d6 4. f4 Nf6 5. Nf3 O-O 6. Be3 b6 7. Qe2 Ba6 8.
Qd2 Bb7 9. e5 Ng4 10. O-O-O c5 11. dxc5 bxc5 12. Bxc5 Qa5 13. Ba3 dxe5 14.
Nd5 Qxd2+ 15. Rxd2 Bxd5 16. Rxd5 Bh6 17. Bxe7 Bxf4+ 18. Kb1 Re8 19. Bg5 Ne3
20. Bb5 Rc8 21. Rd2 a6 22. Ba4 Nc6 23. Bxc6 Rxc6 24. Nxe5 Bxe5 25. Bxe3 Re8
26. Rd3 Rce6 27. Bc1 Bb8 28. c4 Re2 29. g3 Rg2 30. c5 Be5 31. Rd2 Rxd2 32.
Bxd2 Rd8 33. Bf4 Bxf4 34. gxf4 Kf8 35. Re1 Rd4 36. b3 a5 37. c6 Rd8 38. Re5
Rc8 39. Rxa5 0-1

[Event "Landsturneringen 2023"]
[Site "Vallhall, Oslo"]
[Date "2023.07.02"]
[Round "2"]
[White "Manne, Per Erik"]
[Black "Hole, Øystein"]
[Result "1/2-1/2"]
[WhiteTitle "FM"]
[BlackTitle "IM"]
[WhiteElo "2197"]
[BlackElo "2267"]
[TimeControl "40/5400+30:1800+30"]
[BlackFideId "1501526"]
[WhiteFideId "1502867"]

1. Nf3 d5 2. d4 Nf6 3. g3 c6 4. Bg2 Bf5 5. O-O h6 6. b3 e6 7. Bb2 Nbd7 8.
Nbd2 Be7 9. c4 O-O 10. e3 a5 11. Ne5 Nxe5 12. dxe5 Nd7 13. e4 dxe4 14. Nxe4
Nc5 15. Qe2 Nxe4 16. Bxe4 Bxe4 17. Qxe4 Qd2 18. Bd4 Rfd8 19. Rfd1 Qb4 20.
Qc2 Bc5 21. Bc3 Qb6 22. Kg2 Rxd1 1/2-1/2

[Event "Landsturneringen 2023"]
[Site "Vallhall, Oslo"]
[Date "2023.07.02"]
[Round "2"]
[White "Lindbøl, Aleksander"]
[Black "Gomez Aguirre, Juan Alberto"]
[Result "1/2-1/2"]
[BlackTitle "CM"]
[WhiteElo "2234"]
[BlackElo "2157"]
[TimeControl "40/5400+30:1800+30"]
[BlackFideId "54587867"]
[WhiteFideId "1520644"]

1. c4 e5 2. g3 Nf6 3. Bg2 c6 4. d4 e4 5. d5 Bb4+ 6. Nc3 Bxc3+ 7. bxc3 d6 8.
Qc2 Bf5 9. Bg5 O-O 10. e3 c5 11. Ne2 Re8 12. h3 h6 13. Bxf6 Qxf6 14. g4 Bh7
15. Qa4 Qe7 16. Rb1 b6 17. Rxb6 axb6 18. Qxa8 Nd7 19. Qa7 Ne5 20. Qxe7 Rxe7
21. O-O Nxc4 22. Rb1 Rb7 23. Ng3 Nd2 24. Rb2 Nf3+ 25. Bxf3 exf3 26. e4 b5
27. Kf1 Kf8 28. a4 b4 29. cxb4 cxb4 30. Ke1 Ke7 31. Kd2 Kf6 32. Ke3 Ke5 33.
Rb3 g6 34. a5 f5 35. exf5 gxf5 36. a6 f4+ 37. Kxf3 Ra7 38. Nf5 Rxa6 39.
Rxb4 Ra3+ 40. Kg2 Bxf5 41. gxf5 Kxf5 42. Rb8 Rd3 43. Rh8 Kg6 44. Rf8 Kg5
45. Rg8+ Kf6 46. Rf8+ 1/2-1/2

[Event "Landsturneringen 2023"]
[Site "Vallhall, Oslo"]
[Date "2023.07.02"]
[Round "2"]
[White "Engelsen, Teodor Tenfjord"]
[Black "Dahl, Max"]
[Result "0-1"]
[WhiteElo "1977"]
[BlackElo "2169"]
[TimeControl "40/5400+30:1800+30"]
[BlackFideId "1526626"]
[WhiteFideId "45188521"]

1. c4 e6 2. Nc3 d5 3. d4 Nf6 4. cxd5 exd5 5. Bg5 c6 6. e3 Be7 7. Bd3 O-O 8.
Qc2 h6 9. Bh4 Re8 10. Nge2 a5 11. O-O Na6 12. a3 Nc7 13. f3 c5 14. Bf2 c4
15. Bf5 b5 16. Bxc8 Rxc8 17. e4 b4 18. e5 bxc3 19. exf6 Bxf6 20. bxc3 Qd7
21. a4 Rb8 22. Rab1 Rb3 23. Bg3 Reb8 24. Rxb3 cxb3 25. Qb2 Rb7 26. Ra1 Be7
27. Nc1 Bd6 28. Nxb3 Bxg3 29. hxg3 Qd6 30. Qc2 Ne6 31. Nxa5 Rc7 32. Rb1 g6
33. Nb3 Qxg3 34. Qf2 Qg5 35. Nc5 Nf4 36. Kf1 Re7 37. Re1 Rxe1+ 38. Kxe1
Nxg2+ 39. Kf1 Ne3+ 40. Ke1 Nc4 41. Kf1 h5 42. Qe2 h4 43. Nd7 Ne3+ 0-1

[Event "Landsturneringen 2023"]
[Site "Vallhall, Oslo"]
[Date "2023.07.02"]
[Round "2"]
[White "Machlik, Monika"]
[Black "Unneland, Mathias"]
[Result "0-1"]
[BlackTitle "FM"]
[WhiteElo "2119"]
[BlackElo "2158"]
[TimeControl "40/5400+30:1800+30"]
[BlackFideId "1525581"]
[WhiteFideId "1513621"]

1. d4 Nf6 2. c4 e6 3. Nc3 Bb4 4. e3 O-O 5. Bd3 d5 6. Ne2 dxc4 7. Bxc4 c5 8.
a3 Bxc3+ 9. bxc3 Qc7 10. Bd3 e5 11. O-O b6 12. e4 cxd4 13. cxd4 exd4 14. h3
Bb7 15. Ng3 Nbd7 16. Bb2 Rfe8 17. Re1 Ne5 18. Bb5 Red8 19. Rc1 Qe7 20. Nf5
Qf8 21. f4 Ng6 22. e5 Nd5 23. g3 Ne3 24. Rxe3 dxe3 25. Nd6 Rac8 26. Bc4 Rc6
27. Qd4 Rdxd6 28. exd6 Rxd6 29. Qxe3 Ne7 30. Be5 Rd8 31. Bb5 Nf5 32. Qc3
Rc8 33. Qe1 Qxa3 34. Rxc8+ Bxc8 35. g4 Qc5+ 36. Kh2 Qxb5 37. gxf5 Bxf5 38.
Qg3 Qe2+ 39. Kg1 Bg6 40. Qc3 Qd1+ 41. Kf2 Qc2+ 42. Ke3 Qxc3+ 43. Bxc3 f6
44. Kd4 Bf7 45. f5 Bb3 46. Ke4 Bc2+ 47. Kf4 a5 48. h4 Kf7 49. Bd4 b5 50.
Bb6 a4 51. Bc5 Ke8 52. Kg4 Kd7 53. h5 Bd1+ 54. Kh4 Ke8 55. h6 gxh6 56. Bb4
h5 0-1

[Event "Landsturneringen 2023"]
[Site "Vallhall, Oslo"]
[Date "2023.07.02"]
[Round "2"]
[White "Nettleton, Charlie"]
[Black "Johnson, Daniel"]
[Result "1/2-1/2"]
[WhiteElo "2090"]
[BlackElo "2224"]
[TimeControl "40/5400+30:1800+30"]
[BlackFideId "1721283"]
[WhiteFideId "419710"]

1. d4 Nf6 2. Bf4 d5 3. e3 e6 4. Nf3 Bd6 5. Bg3 O-O 6. Nbd2 c5 7. c3 Qc7 8.
Rc1 Nbd7 9. c4 Bxg3 10. hxg3 Qa5 11. Bd3 Re8 12. Ne5 cxd4 13. exd4 dxc4 14.
Nxc4 Qd5 15. Nf3 b6 16. Nce5 h6 17. Qd2 Bb7 18. Qf4 Rac8 19. Rd1 Qa5+ 20.
b4 Qxb4+ 21. Kf1 Qa4 22. Re1 Ba6 23. Bxa6 Qxa6+ 24. Kg1 Nxe5 25. Nxe5 Qa5
26. Rf1 Rc2 27. Rxh6 Qd2 28. Rxf6 gxf6 29. Qxf6 Rc7 30. Ng4 Kf8 31. Ne5 Kg8
32. Ng4 Kf8 33. Ne5 Qc2 34. g4 Qh7 35. g5 Qg7 36. Qf4 Rec8 37. g3 Kg8 38.
Kg2 Rc2 39. Rh1 1/2-1/2

[Event "Landsturneringen 2023"]
[Site "Vallhall, Oslo"]
[Date "2023.07.02"]
[Round "2"]
[White "Røyset, Pål Nikolai"]
[Black "Lye, Sverre"]
[Result "0-1"]
[WhiteTitle "CM"]
[BlackTitle "CM"]
[WhiteElo "2165"]
[BlackElo "2107"]
[TimeControl "40/5400+30:1800+30"]
[BlackFideId "1539353"]
[WhiteFideId "1501330"]

1. d4 Nf6 2. Nf3 c5 3. d5 b5 4. c4 bxc4 5. Nc3 g6 6. e4 d6 7. Bxc4 Bg7 8.
h3 O-O 9. O-O Nbd7 10. Re1 Nb6 11. Bb5 Bb7 12. Bg5 Qc8 13. Rc1 e6 14. e5
dxe5 15. dxe6 Qxe6 16. Nxe5 Qf5 17. Bh4 Rad8 18. Qe2 Rd4 19. g4 Qc8 20. Bg3
a6 21. Bd3 Re8 22. Qf1 Nfd5 23. Nxd5 Nxd5 24. Bc4 Re7 25. Nf3 Rde4 26. Rxe4
Rxe4 27. Rd1 Nb6 28. Bb3 Re8 29. Rd6 c4 30. Bd1 Qc5 31. Rd2 Qc6 32. Kh2 Nd5
33. Rc2 c3 34. bxc3 Nxc3 35. Qd3 Qd5 36. Qxd5 Bxd5 37. Ng5 Nxd1 38. Rd2 Nc3
0-1

[Event "Landsturneringen 2023"]
[Site "Vallhall, Oslo"]
[Date "2023.07.03"]
[Round "3"]
[White "Tryggestad, Andreas G"]
[Black "Grave, Jacob Templen"]
[Result "1/2-1/2"]
[WhiteTitle "FM"]
[BlackTitle "CM"]
[WhiteElo "2200"]
[BlackElo "2255"]
[TimeControl "40/5400+30:1800+30"]
[BlackFideId "1542656"]
[WhiteFideId "1513338"]

1. e4 c6 2. d4 d5 3. f3 g6 4. Nc3 Bg7 5. e5 f6 6. f4 Nh6 7. Nf3 Bg4 8. Be2
Nf5 9. Ng1 Bxe2 10. Ncxe2 c5 11. c3 cxd4 12. cxd4 Nc6 13. Nf3 Qa5+ 14. Qd2
h5 15. O-O Qxd2 16. Bxd2 Rc8 17. Kf2 g5 18. Bc3 g4 19. Ne1 e6 20. Nd3 Kf7
21. Rac1 b6 22. b3 h4 23. Bb2 1/2-1/2

[Event "Landsturneringen 2023"]
[Site "Vallhall, Oslo"]
[Date "2023.07.03"]
[Round "3"]
[White "Hole, Øystein"]
[Black "Roulet-Dubonnet, Emerik Våpenstad"]
[Result "1/2-1/2"]
[WhiteTitle "IM"]
[BlackTitle "FM"]
[WhiteElo "2267"]
[BlackElo "2197"]
[TimeControl "40/5400+30:1800+30"]
[BlackFideId "1539477"]
[WhiteFideId "1501526"]

1. Nf3 Nf6 2. c4 e6 3. Nc3 c5 4. g3 d5 5. cxd5 exd5 6. d4 Nc6 7. Bg2 cxd4
8. Nxd4 Bc5 9. Nb3 Bb6 10. O-O d4 11. Na4 O-O 12. Nxb6 axb6 13. Bxc6 bxc6
14. Qxd4 c5 15. Qxd8 Rxd8 16. Bg5 Ba6 17. Rfd1 Bxe2 18. Rxd8+ Rxd8 19. Re1
Bc4 1/2-1/2

[Event "Landsturneringen 2023"]
[Site "Vallhall, Oslo"]
[Date "2023.07.03"]
[Round "3"]
[White "Hølleland, Sigve"]
[Black "Nettleton, Charlie"]
[Result "1-0"]
[WhiteElo "2154"]
[BlackElo "2090"]
[TimeControl "40/5400+30:1800+30"]
[BlackFideId "419710"]
[WhiteFideId "1513672"]

1. e4 e5 2. Nf3 Nf6 3. Nxe5 d6 4. Nf3 Nxe4 5. d4 d5 6. Bd3 Be7 7. O-O O-O
8. c4 Nc6 9. cxd5 Qxd5 10. Nc3 Nxc3 11. bxc3 Bg4 12. Be2 Na5 13. h3 Bh5 14.
Qa4 b6 15. Re1 Bf6 16. g4 Bg6 17. g5 Be7 18. Ne5 Be4 19. Bg4 f5 20. gxf6
gxf6 21. f3 fxe5 22. fxe4 Qd6 23. Qd7 Bh4 24. Qxd6 cxd6 25. Rf1 Rxf1+ 26.
Kxf1 Rf8+ 27. Ke2 Rf2+ 28. Kd3 Rf1 29. Bb2 Rxa1 30. Bxa1 Kf7 31. Bb2 Ke7
32. Bc1 Bf6 33. Bh6 Kf7 34. Bf5 Bg7 35. Be3 h6 36. a4 Bf8 37. Bc8 Kf6 38.
Bd7 Ke7 39. Bb5 Bg7 40. h4 Nb7 41. Bc6 Na5 42. Bd5 Kd7 43. h5 Kc7 44. Ke2
Nc6 45. Bxc6 Kxc6 46. d5+ Kd7 47. Kf3 Ke7 48. Kg4 Kf7 49. Kf5 Bf8 50. c4
Bg7 51. Bd2 Bf8 52. Bb4 Be7 53. Bd2 Bf8 54. a5 bxa5 55. Bxa5 a6 56. Bc7 Ke7
57. Kg6 Kd7 58. Ba5 Ke8 59. Kf6 Be7+ 60. Ke6 Bf8 61. c5 1-0

[Event "Landsturneringen 2023"]
[Site "Vallhall, Oslo"]
[Date "2023.07.03"]
[Round "3"]
[White "Johnson, Daniel"]
[Black "Myagmarsuren, Evsuld"]
[Result "0-1"]
[WhiteElo "2224"]
[BlackElo "2184"]
[TimeControl "40/5400+30:1800+30"]
[BlackFideId "1551639"]
[WhiteFideId "1721283"]

1. Nf3 Nf6 2. g3 g6 3. Bg2 Bg7 4. O-O O-O 5. c4 c6 6. d4 d5 7. cxd5 cxd5 8.
Nc3 Nc6 9. Ne5 e6 10. Nxc6 bxc6 11. Bf4 Re8 12. Rc1 Nd7 13. Qd2 e5 14. dxe5
Nxe5 15. b3 Bf5 16. h3 Rc8 17. Rfd1 Nd7 18. Bg5 f6 19. Be3 a6 20. Na4 Kh8
21. Nc5 Nxc5 22. Bxc5 Qd7 23. Kh2 h5 24. h4 Kh7 25. Bd4 Bg4 26. Re1 Bf5 27.
Qa5 Ra8 28. Rc3 Reb8 29. Rec1 Rb5 30. Qa4 a5 31. e3 Ra6 32. Bf1 Be4 33.
Rxc6 Rxc6 34. Rxc6 Rb4 35. Qxa5 Rxd4 36. exd4 Qxc6 37. Qc5 Qe6 38. Bh3 f5
39. b4 Qf6 40. Kg1 f4 41. a4 fxg3 42. fxg3 Qf3 0-1

[Event "Landsturneringen 2023"]
[Site "Vallhall, Oslo"]
[Date "2023.07.03"]
[Round "3"]
[White "Skotheim, Andreas"]
[Black "Martinsen, Stig K"]
[Result "1/2-1/2"]
[WhiteTitle "CM"]
[WhiteElo "2241"]
[BlackElo "2172"]
[TimeControl "40/5400+30:1800+30"]
[BlackFideId "1502824"]
[WhiteFideId "1518526"]

1. e4 c5 2. Nf3 Nc6 3. Bb5 Nf6 4. Bxc6 dxc6 5. d3 g6 6. h3 Bg7 7. Nc3 O-O
8. Be3 b6 9. Qd2 e5 10. O-O Ne8 11. Nh2 Nc7 12. f4 exf4 13. Bxf4 c4 14. Bg5
Qd6 15. Bf4 Qd8 16. Bg5 Qd6 17. Bf4 Qd8 1/2-1/2